 Dungeon Crawl Stone Soup version 0.23-a0-831-g5da158a (webtiles) character file.

22420 ohad the Severer (level 13, -1/160 HPs)
             Began as a Hill Orc Gladiator on Jan 23, 2019.
             Was a High Priest of Makhleb.
             Slain by an elephant (3 damage)
             ... on level 6 of the Lair of Beasts.
             The game lasted 00:35:33 (15118 turns).

ohad the Severer (Hill Orc Gladiator)              Turns: 15118, Time: 00:35:34

Health: -1/160     AC: 22    Str: 28    XL:     13   Next: 0%
Magic:  20/22      EV: 11    Int:  8    God:    Makhleb [*****.]
Gold:   940        SH:  0    Dex: 16    Spells: 12/12 levels left

rFire    . . .     SeeInvis .   A - +3 battleaxe
rCold    . . .     Gourm    +   (shield currently unavailable)
rNeg     . . .     Faith    .   m - +0 plate armour
rPois    .         Spirit   .   c - +0 helmet
rElec    .         Reflect  .   J - +2 cloak
rCorr    .         Harm     .   P - +0 pair of gloves
MR       .....                  I - +0 pair of boots
Stlth    ..........             Q - amulet of the gourmand
HPRegen  0.36/turn              D - +5 ring of strength
MPRegen  0.18/turn              p - +2 ring of protection

@: berserking (expiring), heavily drained, very quick
A: no striking features
a: Minor Destruction, Lesser Servant of Makhleb, Major Destruction, Greater
Servant of Makhleb, Renounce Religion


You were on level 6 of the Lair of Beasts.
You worshipped Makhleb.
Makhleb was extremely pleased with you.
You were not hungry.

You visited 2 branches of the dungeon, and saw 17 of its levels.

You collected 940 gold pieces.

Inventory:

Hand Weapons
 a - a +1 war axe
 k - a +0 whip of electrocution
 n - a +0 war axe
 y - a +0 blowgun
 A - a +3 battleaxe (weapon)
 N - a +0 morningstar
Missiles
 b - 4 curare-tipped needles
 o - 78 poisoned needles
 F - 2 throwing nets (quivered)
Armour
 c - a +0 helmet (worn)
 m - a +0 plate armour (worn)
 C - a +0 shield
 I - a +0 pair of boots (worn)
 J - a +2 cloak (worn)
 P - a +0 pair of gloves (worn)
 T - a cursed +0 scale mail
Jewellery
 p - a +2 ring of protection (right hand)
 x - a +2 ring of protection
 D - a +5 ring of strength (left hand)
 Q - an amulet of the gourmand (around neck)
 V - an uncursed ring of poison resistance
 X - an uncursed amulet of rage
 Y - an uncursed ring of protection from magic
Wands
 d - a wand of acid (11)
 R - a wand of iceblast (10)
Scrolls
 i - a scroll of random uselessness {unknown}
 j - 2 scrolls of enchant armour
 l - 9 scrolls of remove curse {unknown}
 q - 6 scrolls of teleportation
 s - a scroll of silence {unknown}
 t - 2 scrolls of fear
 v - a scroll of torment {unknown}
 w - 3 scrolls of enchant weapon
 B - a scroll of blinking {unknown}
 K - a scroll of fog {unknown}
 L - 3 scrolls of amnesia {unknown}
 U - 3 scrolls of identify
Potions
 e - a potion of heal wounds
 g - a potion of cancellation
 r - 2 potions of flight
 u - a potion of might
 z - a potion of brilliance {unknown}
 E - 3 potions of magic
 G - 2 potions of lignification
 M - 3 potions of curing
 O - 3 potions of mutation {unknown}
 W - 3 potions of haste
 Z - a potion of agility {unknown}
Miscellaneous
 S - a box of beasts
Comestibles
 f - 25 rations


   Skills:
 - Level 7.7(6.2) Fighting
 - Level 16.9(15.0) Axes
 - Level 1.7(0.4) Throwing
 - Level 8.6(7.0) Armour
 - Level 8.1(6.5) Dodging
 + Level 12.2(10.5) Invocations


You had 12 spell levels left.
You didn't know any spells.
Your spell library contained the following spells:

 Spells                   Type           Power        Failure   Level  Hunger
 Corona                   Hex            #......      99%         1    ##.....
 Shock                    Conj/Air       #...         99%         1    ##.....
 Summon Small Mammal      Summ           #...         99%         1    ##.....
 Call Imp                 Summ           #.......     100%        2    ###....
 Ensorcelled Hibernation  Hex/Ice        #.....       100%        2    ###....
 Swiftness                Chrm/Air       #.......     100%        2    ###....
 Call Canine Familiar     Summ           #.......     100%        3    ####...
 Confuse                  Hex            #.......     100%        3    ####...
 Dazzling Spray           Conj/Hex       #.....       100%        3    ####...
 Static Discharge         Conj/Air       #.......     100%        3    ####...
 Summon Guardian Golem    Hex/Summ       #.......     100%        3    ####...
 Tukima's Dance           Hex            #.......     100%        3    ####...
 Airstrike                Air            #.........   100%        4    #####..
 Summon Ice Beast         Ice/Summ       #.......     100%        4    #####..
 Summon Lightning Spire   Summ/Air       #.......     100%        4    #####..
 Lightning Bolt           Conj/Air       #.........   100%        5    ######.


Dungeon Overview and Level Annotations

Branches:
Dungeon (11/15)            Temple (0/1) D:4            Lair (5/6) D:9
 Shoals (0/4) Lair:4        Snake (0/4) Lair:3
  Slime: Lair:5-6       Orc: D:9-12

Altars:
Ashenzari
Cheibriados
Dithmenos
Elyvilon
Kikubaaqudgha
Makhleb
Sif Muna
Trog
Uskayaw
Zin
The Shining One

Annotations:
Lair:5 Josephine, Nessos


Message History

You miss the black mamba.
The black mamba is heavily wounded.
You slash the elephant!
You kill the elephant!
Makhleb accepts your kill.
Your base Invocations skill increases to level 12!
You slash the elephant!
The black mamba bites you but does no damage.
The elephant tramples you but does no damage.
The elephant trunk-slaps you but does no damage.
You slice the black mamba!!
The black mamba is almost dead.
You slash the elephant!
You kill the elephant!
Makhleb accepts your kill.
You have reached level 13!
You hit the elephant but do no damage. The black mamba bites you!
* * * LOW HITPOINT WARNING * * *
The elephant closely misses you. The elephant trunk-slaps you.
You die...

....Y.. ### ##
.......
.#..##.#.Y.....
...........YY..
...P.......#
##..# #.YY##
##YSY# ##@##
#†# #.. ..##
##. #


You could see 4 elephants and a black mamba.

Vanquished Creatures
  Pikel (D:6)
  A manticore (Lair:4)
  Joseph (D:7)
  6 elephants
  A black mamba (Lair:4)
  7 komodo dragons
  6 spiny frogs
  A kobold demonologist (D:9)
  3 trolls
  A polar bear (Lair:4)
  13 blink frogs
  6 hippogriffs
  2 wraiths (Lair:5)
  3 wyverns
  A vampire (D:10)
  9 yaks
  2 basilisks (Lair:2)
  A hungry ghost (D:7)
  Menkaure (D:7)
  10 water moccasins
  A porcupine (D:9)
  A slave (D:6)
  3 black bears (D:9)
  3 orc warriors
  A phantom (D:10)
  2 eyes of draining
  4 sky beasts
  3 ogres
  A necrophage (D:9)
  6 crocodiles
  2 centaurs
  2 big kobolds
  12 bullfrogs
  Blork the orc (D:4)
  A wyvern zombie (D:5)
  A wyvern skeleton (D:9)
  3 scorpions
  24 killer bees
  8 wights
  4 crimson imps
  2 bullfrog zombies
  2 centaur zombies
  A quasit (D:9)
  7 hounds
  Crazy Yiuf (D:4)
  6 orc priests
  4 jellies
  5 orc wizards
  A bullfrog skeleton (D:4)
  A centaur skeleton (D:4)
  6 iguanas
  Ijyb (D:4)
  4 hell rats (Lair:4)
  5 worker ants
  A killer bee zombie (D:8)
  2 hound skeletons
  5 adders
  6 oozes
  2 adder skeletons
  6 worms
  3 dart slugs
  2 leopard geckos
  46 orcs
  A bat zombie (D:2)
  4 giant cockroaches
  4 goblins
  13 hobgoblins
  10 jackals
  5 quokkas
  A ball python zombie (D:2)
  6 bats
  3 frilled lizards
  A jackal skeleton (D:5)
  19 kobolds
  3 leopard gecko skeletons
  6 rats
  3 fungi
  A plant (D:9)
358 creatures vanquished.

Vanquished Creatures (collateral kills)
  A hydra (Lair:4)
  2 wraiths (Lair:4)
3 creatures vanquished.

Vanquished Creatures (others)
  A wight (D:6)
  A worker ant (D:6)
  A shadow imp (D:6)
  A leopard gecko (D:6)
  A giant cockroach (D:6)
  A bat (D:1)
  3 fungi
  3 plants
12 creatures vanquished.

Grand Total: 373 creatures vanquished

Notes
Turn   | Place    | Note
-------+----------+-------------------------------------------
     0 | D:1      | ohad the Hill Orc Gladiator began the quest for the Orb.
     0 | D:1      | Reached XP level 1. HP: 18/18 MP: 1/1
   177 | D:1      | Reached XP level 2. HP: 25/25 MP: 2/2
   287 | D:1      | Reached skill level 5 in Axes
   493 | D:1      | Reached XP level 3. HP: 30/30 MP: 3/3
   911 | D:2      | Reached skill level 6 in Axes
  1112 | D:2      | Reached XP level 4. HP: 22/37 MP: 4/4
  1759 | D:2      | Reached skill level 7 in Axes
  1981 | D:3      | Reached XP level 5. HP: 42/42 MP: 5/5
  2228 | D:3      | Reached skill level 8 in Axes
  2467 | D:3      | Found a burning altar of Makhleb.
  2467 | D:3      | Found a deep blue altar of Sif Muna.
  2468 | D:3      | Found a shadowy altar of Dithmenos.
  2475 | D:3      | Became a worshipper of Makhleb the Destroyer
  2906 | D:4      | Reached XP level 6. HP: 32/50 MP: 6/6
  3284 | D:4      | Noticed Ijyb
  3296 | D:4      | Killed Ijyb
  3296 | D:4      | Reached skill level 9 in Axes
  3468 | D:4      | Found a bloodstained altar of Trog.
  3772 | D:4      | Noticed Blork the orc
  3790 | D:4      | Killed Blork the orc
  3972 | D:4      | Reached XP level 7. HP: 43/56 MP: 7/7
  3976 | D:4      | Reached skill level 10 in Axes
  4058 | D:4      | Found a staircase to the Ecumenical Temple.
  4166 | D:4      | Found a runed door.
  4309 | D:4      | Noticed Crazy Yiuf
  4319 | D:4      | Killed Crazy Yiuf
  4440 | D:5      | Entered Level 5 of the Dungeon
  4440 | D:5      | Found a snail-covered altar of Cheibriados.
  4677 | D:5      | Reached * piety under Makhleb
  4677 | D:5      | Reached skill level 11 in Axes
  5291 | D:5      | Reached XP level 8. HP: 62/62 MP: 8/8
  5509 | D:5      | Reached skill level 12 in Axes
  5921 | D:6      | Noticed Pikel
  5943 | D:6      | Killed Pikel
  5943 | D:6      | Reached skill level 13 in Axes
  6096 | D:6      | Reached skill level 14 in Axes
  6151 | D:6      | Reached XP level 9. HP: 68/68 MP: 9/9
  6607 | D:7      | Noticed Joseph
  6630 | D:7      | Killed Joseph
  7069 | D:7      | Found a white marble altar of Elyvilon.
  7187 | D:7      | Noticed Menkaure
  7190 | D:7      | Killed Menkaure
  7190 | D:7      | Reached ** piety under Makhleb
  7190 | D:7      | Reached skill level 5 in Armour
  7589 | D:7      | Reached XP level 10. HP: 38/74 MP: 10/10
  8001 | D:8      | Found a white marble altar of Elyvilon.
  8211 | D:8      | Reached *** piety under Makhleb
  8697 | D:8      | Found a glowing golden altar of the Shining One.
  9194 | D:9      | Found a glowing silver altar of Zin.
  9259 | D:9      | Reached skill level 5 in Dodging
  9426 | D:9      | Found a shattered altar of Ashenzari.
  9438 | D:9      | Found a staircase to the Lair.
  9512 | D:9      | Noticed a kobold demonologist
  9524 | D:9      | Killed a kobold demonologist
  9644 | D:9      | Found an ancient bone altar of Kikubaaqudgha.
  9649 | D:9      | Found a hide-covered altar of Uskayaw.
  9681 | D:9      | Reached **** piety under Makhleb
  9820 | D:10     | Entered Level 10 of the Dungeon
  9918 | D:10     | Reached XP level 11. HP: 80/80 MP: 11/11
 10676 | D:10     | Reached skill level 5 in Fighting
 11105 | D:11     | Noticed a manticore
 11291 | Lair:1   | Entered Level 1 of the Lair of Beasts
 11363 | Lair:1   | Reached ***** piety under Makhleb
 11436 | Lair:1   | Reached skill level 15 in Axes
 11538 | Lair:1   | You fall through a shaft!
 11674 | Lair:2   | Reached skill level 16 in Axes
 11853 | Lair:2   | Reached XP level 12. HP: 76/101 MP: 12/12
 11943 | Lair:2   | Reached skill level 1 in Invocations
 12043 | Lair:2   | Reached skill level 5 in Invocations
 12501 | Lair:3   | Found a staircase to the Snake Pit.
 13283 | Lair:4   | Reached skill level 10 in Invocations
 13322 | Lair:4   | Found a staircase to the Shoals.
 14080 | Lair:4   | Noticed an eight-headed hydra
 14094 | Lair:4   | Killed an eight-headed hydra
 14714 | Lair:5   | Noticed Josephine
 15101 | Lair:5   | Noticed Nessos
 15103 | Lair:5   | You fall through a shaft!
 15103 | Lair:6   | Entered Level 6 of the Lair of Beasts
 15118 | Lair:6   | Reached XP level 13. HP: 13/107 MP: 20/22
 15118 | Lair:6   | HP: 2/160 [black mamba (11)]
 15118 | Lair:6   | Slain by an elephant

Vault maps used:
D:1:      minmay_arrival_shattered_statue, lemuel_old_faithful
D:2:      serial_undead, serial_undead_c, serial_undead_d, serial_undead_c,
          serial_undead_c, serial_undead_d, serial_undead_e
D:3:      gammafunk_temple_overflow_claw
D:4:      kennysheep_mini, minmay_temple_entry_nine_rooms, first_ration,
          hex_intersection, serial_park_tiny_pond, uniq_blork_the_orc,
          uniq_ijyb, uniq_crazy_yiuf_cottage
D:5:      slow_altar_1
D:6:      uniq_pikel
D:7:      basic_altar, uniq_menkaure, uniq_joseph
D:8:      kennysheep_mini_moat, overflow_temple_1_default
D:9:      old_standard_altar, overflow_temple_1_default, minitemple,
          grunt_lair_entry_orc_guard_hut
D:10:     hangedman_little_slice_of_home
D:11:     david_orc_3, hive_lemuel, uniq_sonja
Lair:1:   st_stairs_8, grunt_forest_small_clearing_treed
Lair:3:   dummy_snake_entry, infiniplex_staircase_pool
Lair:4:   minmay_shoals_entry_beasts, hibernation_bobbens
Lair:5:   dpeg_slime_entry_enclosed_altar, minivault_27, lemuel_fruit_tree,
          serial_bayou_shore_a, uniq_josephine, uniq_nessos
Lair:6:   gammafunk_lair_ancient_temple

Skill      XL: |  1  2  3  4  5  6  7  8  9 10 11 12 |
---------------+-------------------------------------+-----
Axes           | 5 6 7 8 9 11 14 16 | 16.9
Armour         | 7 8 |  8.6
Dodging        | 7 8 |  8.1
Fighting       | 7 |  7.7
Invocations    | 12 | 12.2
Throwing       | |  1.7

Action                   |  1- 3 |  4- 6 |  7- 9 | 10-12 | 13-15 || total
-------------------------+-------+-------+-------+-------+-------++-------
Melee: War axe           |    96 |   172 |   180 |       |       ||   448
       Battleaxe         |       |       |    96 |   690 |       ||   786
       Whip              |       |       |       |     6 |       ||     6
Throw: Throwing net      |       |     3 |     1 |       |       ||     4
Invok: Lesser Servant of |       |       |       |     4 |       ||     4
  Use: Scroll            |       |       |    13 |     1 |       ||    14
       Potion            |       |       |     6 |     4 |       ||    10
 Stab: Sleeping          |     2 |       |       |       |       ||     2
  Eat: Chunk             |     1 |     8 |    11 |    35 |       ||    55
       Ration            |       |       |     1 |       |       ||     1
Armor: Leather armour    |    21 |    24 |       |       |       ||    45
       Scale mail        |       |    36 |    40 |       |       ||    76
       Ring mail         |       |       |    23 |       |       ||    23
       Plate armour      |       |       |    66 |   543 |       ||   609
Dodge: Dodged            |    53 |   110 |   134 |   445 |     1 ||   743
Block: Shield            |       |       |       |     7 |       ||     7

Table legend:
 A = Non-vault XP
 B = Vault XP
 C = Vault XP percentage of total XP
 D = Non-vault monster count
 E = Vault monster count
 F = Vault count percentage of total count
                 A         B        C        D         E       F
            +---------+---------+-------+---------+---------+-------
      Total |   28287 |    3742 |  11.7 |     327 |      29 |   8.1
            +---------+---------+-------+---------+---------+-------
        D:1 |      49 |       0 |   0.0 |      24 |       0 |   0.0
        D:2 |     111 |       3 |   2.6 |      38 |       2 |   5.0
        D:3 |     123 |       0 |   0.0 |      17 |       0 |   0.0
        D:4 |     387 |     163 |  29.6 |      17 |       3 |  15.0
        D:5 |     576 |       5 |   0.9 |      12 |       1 |   7.7
        D:6 |     879 |     617 |  41.2 |      17 |       1 |   5.6
        D:7 |    1235 |     631 |  33.8 |      34 |       2 |   5.6
        D:8 |    1158 |       0 |   0.0 |      25 |       0 |   0.0
        D:9 |    2217 |     557 |  20.1 |      26 |       5 |  16.1
       D:10 |    3521 |     163 |   4.4 |      41 |       8 |  16.3
       D:11 |     376 |       0 |   0.0 |       6 |       0 |   0.0
     Lair:1 |    1928 |     147 |   7.1 |       8 |       1 |  11.1
     Lair:2 |    7357 |       0 |   0.0 |      28 |       0 |   0.0
     Lair:3 |    4071 |       0 |   0.0 |      18 |       0 |   0.0
     Lair:4 |    3049 |    1022 |  25.1 |      13 |       4 |  23.5
     Lair:5 |       0 |     434 | 100.0 |       0 |       2 | 100.0
     Lair:6 |    1250 |       0 |   0.0 |       3 |       0 |   0.0
            +---------+---------+-------+---------+---------+-------
